 Dungeon Crawl Stone Soup version 0.30-a0-918-g0ff054e9dc (webtiles) character file.

Game seed: 12280488385767916584

2046 bande the Chopper (level 9, -6/55 HPs)
             Began as a Gargoyle Fighter on Mar 21, 2023.
             Was a Priest of Okawaru.
             Shot with a bolt by an orc warrior (12 damage)
             ... in a bailey.
             The game lasted 00:12:21 (4999 turns).

bande the Chopper (Gargoyle Fighter)                Turns: 4999, Time: 00:12:21

Health: -6/55      AC: 22    Str: 20    XL:     9   Next: 24%
Magic:  0/12       EV:  5    Int:  9    God:    Okawaru [***...]
Gold:   273        SH:  5    Dex: 13    Spells: 8/8 levels left

rFire   . . .      SeeInvis .    t - +4 war axe
rCold   . . .      Faith    .    c - +0 buckler
rNeg    + . .      Spirit   +    k - +0 plate armour
rPois   ∞          Reflect  .    o - +0 helmet
rElec   +          Rampage  .    n - +1 cloak
rCorr   .                        (no gloves)
Will    .....                    (no boots) Stlth
                                 p - amulet of guardian spirit
HPRegen 0.29/turn                j - +4 ring of slaying
MPRegen 0.13/turn                (no ring)

@: no status effects
A: sickness immunity, AC +6, negative energy resistance 1, electricity
resistance, torment resistance 1, petrification resistance
a: Renounce Religion, Heroism


You were in a bailey.
You worshipped Okawaru.
Okawaru was most pleased with you.
You visited 2 branches of the dungeon, and saw 8 of its levels.
You also visited: Bailey.

You collected 273 gold pieces.

Inventory:

Hand Weapons
 t - a +4 war axe (weapon)
 u - a +4 flail of protection
 v - a +2 war axe of electrocution
Armour
 c - a +0 buckler (worn)
 k - a +0 plate armour (worn)
 n - a +1 cloak (worn)
 o - a +0 helmet (worn)
Jewellery
 a - a ring of resist corrosion
 i - a ring of ice
 j - a +4 ring of slaying (left hand)
 p - an amulet of guardian spirit (around neck)
Wands
 s - a wand of polymorph (10)
Scrolls
 f - a scroll of blinking
 g - 6 scrolls of teleportation
Potions
 b - 3 potions of curing
 d - 3 potions of might
 e - a potion of heal wounds
 h - 2 potions of resistance
 l - a potion of haste
 m - a potion of ambrosia
 q - 3 potions of invisibility
 r - a potion of mutation


   Skills:
 + Level 5.8 Fighting
 + Level 7.5 Axes
 + Level 5.9 Armour
 - Level 0.2 Stealth
 + Level 4.7 Shields
 * Level 4.7 Invocations
 * Level 2.0 Evocations


You had 8 spell levels left.
You didn't know any spells.
Your spell library contained the following spells:

 Spells                   Type           Power      Damage    Failure   Level
 Vhi's Electric Charge    Tloc/Air       0%         N/A       100%        3
 Arcjolt                  Conj/Air       0%         1d10      100%        5
 Maxwell's Capacitive Co  Air            0%         ∞         100%        8


Dungeon Overview and Level Annotations

Branches:
Dungeon (7/15)             Temple (1/1) D:4          Bailey (1/1)

Altars:
Dithmenos
Elyvilon
Gozag
Hepliaklqana
Makhleb
Nemelex Xobeh
Okawaru
Qazlal
Ru
Sif Muna
Trog
Uskayaw
Vehumet
Wu Jian
Xom
Yredelemnul
Zin

Shops:
D:3 (??   D:6 *

Annotations:
D:7 2 transporters


Innate Abilities, Weirdness & Mutations

You are immune to sickness and miasma.
Your stone body is resilient. (AC +6)
You are immune to poison.
You resist negative energy. (rN+)
You are resistant to electric shocks. (rElec)
You are resistant to unholy torment.
You are immune to petrification.


Message History

The orc warrior is severely wounded.
You slash the orc warrior! You hit the orc.
The orc warrior shoots a bolt.
The bolt hits you but does no damage.
The orc warrior unwields a +0 arbalest.
The orc warrior barely misses you.
You slash the orc!
You kill the orc!
Okawaru accepts your kill.
You slash the orc warrior! You closely miss the orc warrior.
The orc shoots a bolt.
The bolt completely misses you.
The orc shoots a bolt.
The bolt hits you but does no damage.
The orc warrior shoots a bolt.
The bolt hits you but does no damage. The orc warrior hits you.
* * * LOW HITPOINT WARNING * * *
Unknown command.
The orc attacks as you move away!
The orc unwields a +0 arbalest.
The orc hits you but does no damage.
The orc warrior unwields a +0 arbalest.
The orc warrior hits you but does no damage.
The orc unwields a +0 arbalest.
The orc barely misses you.
The orc unwields a +0 arbalest.
The orc hits you but does no damage.
The orc wields a +0 arbalest.
The orc shoots a bolt.
The bolt hits you.
* * * LOW HITPOINT WARNING * * *
The orc warrior hits you.
* * * LOW HITPOINT WARNING * * *
Things that are here:
a +0 arbalest; a +0 ring mail; an orc corpse You slash the orc!
You kill the orc!
Okawaru accepts your kill.
You hit the orc.
You hit the orc warrior but do no damage.
You hit the orc warrior.
The orc shoots a bolt.
The bolt barely misses you.
The orc warrior shoots a bolt.
You block the bolt.
The orc shoots a bolt.
The bolt hits you but does no damage. You block the orc's attack.
The orc warrior hits you but does no damage. x2
The orc shoots a bolt.
The bolt barely misses you.
You hit the orc warrior.
The orc warrior is severely wounded.
You hit the orc warrior but do no damage.
You barely miss the orc.
The orc shoots a bolt.
You block the bolt.
The orc warrior shoots a bolt.
The bolt hits you!
You die...

... #. #........... ....
+.##........... ....#
##.##........... .....
#..##........... .....#
#............... ......#
#............... .≈≈≈...##
#....≈≈≈.≈≈.....
#≈..o.#######....≈##.#≈≈...
.∩#≈..o......@)o...≈#∩.##≈...
.o....o....oooo......... ≈...
.##≈...............≈##.## ...
#≈≈...............≈≈# #
≈≈≈.................≈≈≈
........................
........................
........................
.......................


You could see 3 orc warriors and 5 orcs.

Vanquished Creatures
  Grinder (D:4)
  Eustachio (D:4)
  An ice beast (D:6)
  A black bear (D:5)
  3 ogres
  2 centaurs
  Blork the orc (D:6)
  A kobold brigand (D:6)
  4 scorpions
  A gnoll sergeant (D:7)
  3 wights (D:6)
  3 hounds
  3 orc priests
  An iguana (D:5)
  4 gnolls (D:7)
  9 adders
  4 shadow imps
  3 white imps
  3 ufetubi
  A worm (D:4)
  3 dart slugs
  18 orcs
  12 endoplasms
  4 giant cockroaches
  13 goblins
  2 hobgoblins
  3 quokkas
  4 ball pythons
  6 bats
  3 frilled lizards
  9 kobolds
  7 rats
  A bush (D:7)
135 creatures vanquished.

Vanquished Creatures (others)
  A plant (D:3)
1 creature vanquished.

Grand Total: 136 creatures vanquished

Notes
Turn   | Place    | Note
-------+----------+-------------------------------------------
     0 | D:1      | bande the Gargoyle Fighter began the quest for the Orb.
     0 | D:1      | Reached XP level 1. HP: 14/14 MP: 1/1
   101 | D:1      | Reached XP level 2. HP: 20/20 MP: 2/2
   305 | D:1      | Reached skill level 2 in Axes
   435 | D:2      | Found a stormy altar of Qazlal.
   525 | D:2      | Reached XP level 3. HP: 24/24 MP: 3/3
  1135 | D:2      | Noticed a scorpion
  1140 | D:2      | Killed a scorpion
  1141 | D:2      | Reached skill level 3 in Axes
  1141 | D:2      | Reached XP level 4. HP: 24/29 MP: 4/4
  1224 | D:3      | Found Picilub's Magic Scroll Shop.
  1297 | D:3      | Found Setaul's Magic Scroll Shop.
  1456 | D:3      | Found Saeskies's Antique Weapon Boutique.
  1503 | D:3      | Reached XP level 5. HP: 30/33 MP: 5/5
  1954 | D:4      | Found a staircase to the Ecumenical Temple.
  1968 | Temple   | Entered the Ecumenical Temple
  1975 | Temple   | Became a worshipper of Warmaster Okawaru
  2076 | D:4      | Reached skill level 4 in Axes
  2142 | D:4      | Reached XP level 6. HP: 29/38 MP: 6/6
  2195 | D:4      | Noticed Grinder
  2222 | D:4      | Paralysed by Grinder for 3 turns
  2226 | D:4      | Killed Grinder
  2227 | D:4      | Reached skill level 1 in Invocations
  2270 | D:4      | Reached skill level 5 in Axes
  2270 | D:4      | Reached XP level 7. HP: 32/44 MP: 5/8
  2321 | D:4      | Noticed Eustachio
  2441 | D:4      | Killed Eustachio
  2441 | D:4      | Reached * piety under Okawaru
  2733 | D:5      | Entered Level 5 of the Dungeon
  2744 | D:5      | HP: 1/44 [ogre/+0 giant club (14)]
  2915 | D:5      | Reached XP level 8. HP: 46/48 MP: 10/10
  2924 | D:5      | Reached skill level 5 in Fighting
  2924 | D:5      | Reached skill level 6 in Axes
  2924 | D:5      | Reached skill level 5 in Armour
  3103 | D:5      | Reached ** piety under Okawaru
  3821 | D:6      | Noticed Blork the orc
  3840 | D:6      | Killed Blork the orc
  3841 | D:6      | Reached skill level 7 in Axes
  4083 | D:6      | Reached skill level 1 in Evocations
  4211 | D:6      | Reached XP level 9. HP: 39/54 MP: 8/12
  4491 | D:6      | Found Viqoluacw's General Store.
  4663 | D:7      | Found a transporter.
  4666 | D:7      | Found a transporter.
  4668 | D:7      | Noticed a troll
  4717 | D:7      | Found a flagged portal.
  4719 | D:7      | HP: 2/55 [centaur/arrow (4)]
  4782 | D:7      | Reached *** piety under Okawaru
  4950 | Bailey   | Entered a bailey
  4999 | Bailey   | Shot with a bolt by an orc warrior

Illustrated notes

Levels and vault maps discovered:
D:1:      enne_arrival_octagon_isle, layout_rooms
D:2:      layout_loops_ring, basic_altar, kennysheep_generic_room_15
D:3:      layout_rooms, serial_shops, shop, shop_coins, shop,
          roderic_st_hans_cross, minmay_misc_feat_cross, saegor_snake_ambush
D:4:      layout_rooms, minmay_temple_entry_waves, serial_demonic,
          serial_demonic_b, serial_demonic_a, serial_demonic_g,
          serial_demonic_a, serial_demonic_a, serial_demonic_e,
          hangedman_minor_gate_pass, uniq_eustachio, uniq_grinder
D:5:      layout_loops_ring
D:6:      layout_basic, serial_shops, shop, uniq_blork_the_orc
D:7:      gammafunk_beogh_shrine, layout_basic, nicolae_tso_carved_into_rock,
          kennysheep_mini_moat, enter_bailey_5, kb_lookout_dungeons_type
Temple:   sentei_temple_godly_chess
Bailey:   bailey_polearm_2, bailey

Skill      XL: |  1  2  3  4  5  6  7  8  9 |
---------------+----------------------------+-----
Axes           | 2 3 4 5 7 |  7.5
Fighting       | 4 5 |  5.8
Armour         | 4 5 |  5.9
Shields        | 4 |  4.7
Invocations    | 2 3 4 |  4.7
Evocations     | 1 2 |  2.0
Stealth        | |  0.2

Action                     |  1- 3 |  4- 6 |  7- 9 || total
---------------------------+-------+-------+-------++-------
  Melee: War axe           |    60 |   111 |   188 ||   359
    Use: Scroll            |     5 |     5 |     6 ||    16
         Potion            |       |       |     2 ||     2
 Armour: Scale mail        |    34 |     6 |       ||    40
         Plate armour      |       |   100 |   209 ||   309
  Dodge: Dodged            |    26 |    46 |    71 ||   143
  Block: Buckler           |     7 |    36 |    67 ||   110

Table legend: (Time is in decaauts)
 A = Elapsed time spent in this place.
 B = Non-inter-level travel time spent in this place.
 C = Inter-level travel time spent in this place.
 D = Time resting spent in this place.
 E = Time spent auto-exploring this place.
 F = Levels seen in this place.
 G = Mean time per level.
                   A        B        C        D        E       F      G
               +--------+--------+--------+--------+--------+-----+--------+
         Total |   5127 |   5013 |    114 |    517 |   3220 |   9 |  569.7 |
       Dungeon |   5063 |   4949 |    114 |    517 |   3220 |   7 |  723.3 |
        Temple |     14 |     14 |      0 |      0 |      0 |   1 |   14.0 |
        Bailey |     49 |     49 |      0 |      0 |      0 |   1 |   49.0 |
               +--------+--------+--------+--------+--------+-----+--------+

Top non-repeatable levels by time:
     D:6: 933 daAuts
     D:3: 882 daAuts
     D:5: 858 daAuts
     D:4: 839 daAuts
     D:2: 834 daAuts
     D:1: 414 daAuts
     D:7: 300 daAuts
  Bailey: 49 daAuts
  Temple: 14 daAuts
